 Dungeon Crawl Stone Soup version 0.28.0 (webtiles) character file.

Game seed: 10881873651097969870

81067 Kaptain the Geomancer (level 15, -7/91 HPs)
             Began as a Gargoyle Earth Elementalist on Feb 15, 2022.
             Killed by Lee's Rapid Deconstruction
             ... invoked by Jorgrun
              (36 damage)
             ... on level 1 of the Orcish Mines.
             The game lasted 01:25:47 (38232 turns).

Kaptain the Geomancer (GrEE)                       Turns: 38232, Time: 01:25:48

Health: -7/91      AC: 34    Str: 12    XL:     15   Next: 69%
Magic:  16/30      EV: 10    Int: 23    God:
Gold:   1848       SH:  6    Dex: 13    Spells: 23/36 levels left

rFire   + . .      SeeInvis .   I - +10 short sword of Armageddon {drain, rPois rF+ rC+ Will+}
rCold   + + +      Faith    .   s - +0 buckler
rNeg    + + .      Spirit   .   J - +0 ice dragon scales
rPois   ∞          Reflect  .   k - +2 helmet of Moral Flaws {+Inv}
rElec   +          Harm     .   q - +2 cloak {rCorr}
rCorr   +          Rampage  .   H - +2 pair of gloves
Will    ++...                   (no boots)
Stlth   +++.......              G - amulet of regeneration
HPRegen 1.05/turn               C - ring of Nidaifaz {rN+ rCorr Dex+3}
MPRegen 0.22/turn               Z - ring of protection from fire

@: flying
A: sickness immunity, AC +11, big wings, negative energy resistance 1,
electricity resistance, torment resistance 1, petrification resistance
a: Evoke Invisibility


You were on level 1 of the Orcish Mines.
You visited 4 branches of the dungeon, and saw 22 of its levels.
You also visited: Gauntlet and Ice Cave.

You collected 1897 gold pieces.
You spent 49 gold pieces at shops.

Inventory:

Hand Weapons
 g - a +4 scimitar of flaming
 i - a +6 flail of protection
 j - a +3 long sword of venom
 v - the +10 long sword "Uhig Wal" {vorpal, Int+2 Stlth+}
   (You took it off a meliai on level 5 of the Lair of Beasts)

   It inflicts extra damage upon your enemies.
   Int:       It affects your intelligence (+2).
   Stlth:     It makes you more stealthy.
 I - the +10 short sword of Armageddon (weapon) {drain, rPois rF+ rC+ Will+}
   (You found it on level 2 of the Lair of Beasts)

   A truly terrible weapon, it drains the life of any living foe it strikes.
   rF:        It protects you from fire.
   rC:        It protects you from cold.
   rPois:     It protects you from poison.
   Will:      It increases your willpower.
Missiles
 c - 227 stones
Armour
 b - a +2 leather armour of willpower
 k - the +2 helmet of Moral Flaws (worn) {+Inv}
   (You found it in a Gauntlet)

   +Inv:      It lets you turn invisible.
 m - the +0 shadow dragon scales "Ejarussa" {Str+3 Stlth++++}
   (You found it on level 13 of the Dungeon)

   Str:       It affects your strength (+3).
   Stlth:     It makes you much more stealthy.
 q - a +2 cloak of preservation (worn)
 s - a +0 buckler (worn)
 t - +0 steam dragon scales
 H - a +2 pair of gloves (worn)
 J - +0 ice dragon scales (worn)
 L - a +0 cloak of cold resistance
Magical Staves
 E - a staff of conjuration
Jewellery
 z - a ring of protection from fire
 C - the ring of Nidaifaz (left hand) {rN+ rCorr Dex+3}
   (You found it in a Gauntlet)

   [ring of resist corrosion]

   Dex:       It affects your dexterity (+3).
   rN:        It protects you from negative energy.
   rCorr:     It protects you from acid and corrosion.
 G - an amulet of regeneration (around neck)
 O - the ring of Iximissigagg {Fly Str+5}
   (You found it in a Gauntlet)

   [ring of flight]

   Str:       It affects your strength (+5).
   Fly:       It grants you flight.
 T - a +4 ring of protection
 Z - a ring of protection from fire (right hand)
Wands
 u - a wand of mindburst (19)
 x - a wand of iceblast (28)
 y - a wand of digging (13)
 B - a wand of acid (8)
Scrolls
 h - 10 scrolls of teleportation
 n - a scroll of summoning
 p - 2 scrolls of enchant armour
 r - a scroll of magic mapping
 w - 2 scrolls of enchant weapon
 A - 3 scrolls of amnesia
 F - 3 scrolls of fear
 M - 2 scrolls of blinking
 S - 2 scrolls of fog
 Y - 2 scrolls of immolation
Potions
 a - 2 potions of brilliance
 d - a potion of cancellation
 e - 3 potions of haste
 f - a potion of lignification
 l - 4 potions of mutation
 o - 3 potions of magic
 D - 3 potions of might
 R - 4 potions of ambrosia
 V - a potion of curing
Miscellaneous
 K - a phial of floods
 N - a box of beasts
 P - a phantom mirror
 Q - a tin of tremorstones (2/2)
 U - a condenser vane (inert)


   Skills:
 + Level 9.4 Fighting
 + Level 9.4 Armour
 + Level 7.4 Dodging
 + Level 10.5 Stealth
 + Level 8.3 Shields
 * Level 11.4 Spellcasting
 * Level 13.0 Conjurations
 - Level 0.7 Transmutations
 * Level 14.6 Earth Magic


You had 23 spell levels left.
You knew the following spells:

 Your Spells              Type           Power      Damage    Failure   Level
a - Sandblast             Erth           100%       2d20      1%          1
b - Stone Arrow           Conj/Erth      100%       3d13      1%          3
c - Sticky Flame          Conj/Fire      43%        2d6       22%         4
d - Mephitic Cloud        Conj/Pois/Air  33%        N/A       16%         3
e - Passwall              Tmut/Erth      40%        N/A       1%          2

Your spell library contained the following spells:

 Spells                   Type           Power      Damage    Failure   Level
 Static Discharge         Conj/Air       43%        N/A       3%          2
 Conjure Flame            Conj/Fire      43%        6-21      6%          3
 Petrify                  Tmut/Erth      48%        N/A       13%         4
 Flame Wave               Conj/Fire      43%        2d9       22%         4
 Hailstorm                Conj/Ice       43%        3d10      22%         4
 Beastly Appendage        Tmut           32%        N/A       24%         1
 Freeze                   Ice            52%        1d7       30%         1
 Summon Small Mammal      Summ           52%        N/A       30%         1
 Wereblood                Tmut           16%        N/A       34%         2
 Scorch                   Fire           26%        2d6       43%         2
 Irradiate                Conj/Tmut      22%        3d21      45%         5
 Ignite Poison            Fire/Tmut/Pois 14%        N/A       63%         3
 Spider Form              Tmut/Pois      14%        N/A       63%         3
 Call Canine Familiar     Summ           13%        N/A       67%         3
 Frozen Ramparts          Ice            26%        1d4       67%         3
 Gell's Gravitas          Tloc           13%        N/A       67%         3
 Lesser Beckoning         Tloc           13%        N/A       67%         3
 Portal Projectile        Hex/Tloc       26%        N/A       67%         3
 Summon Guardian Golem    Hex/Summ       13%        N/A       67%         3
 Teleport Other           Tloc           13%        N/A       67%         3
 Freezing Cloud           Conj/Ice/Air   16%        6-21      82%         5
 Ice Form                 Ice/Tmut       14%        N/A       95%         4
 Animate Dead             Necr           6%         N/A       97%         4
 Dispel Undead            Necr           13%        3d9       97%         4
 Summon Ice Beast         Ice/Summ       13%        N/A       97%         4
 Blade Hands              Tmut           8%         N/A       100%        5
 Excruciating Wounds      Necr           6%         N/A       100%        5
 Summon Cactus Giant      Summ           6%         N/A       100%        6
 Dragon Form              Tmut           8%         N/A       100%        7
 Haunt                    Necr/Summ      6%         N/A       100%        7
 Infestation              Necr           6%         N/A       100%        8
 Lehudib's Crystal Spear  Conj/Erth      33%        10d9      100%        8
 Polar Vortex             Ice            6%         N/A       100%        9


Dungeon Overview and Level Annotations

Branches:
Dungeon (13/15)            Temple (1/1) D:5            Lair (6/6) D:9
  Swamp (0/4) Lair:2       Spider (0/4) Lair:2        Slime (0/5) Lair:6
    Orc (2/2) D:11            Elf (0/3) Orc:2        Vaults (0/5) D:13
  IceCv (visited)         Gauntlet (visited)

Altars:
Ashenzari
Cheibriados
Dithmenos
Elyvilon
Fedhas
Gozag
Hepliaklqana
Kikubaaqudgha
Makhleb
Nemelex Xobeh
Okawaru
Qazlal
Ru
Sif Muna
Trog
Uskayaw
Vehumet
Wu Jian
Xom
Yredelemnul
Zin
The Shining One
Beogh
Jiyva
Lugonu

Shops:
D:7 *   D:9 ?   D:10 [[   Orc:1 *

Annotations:
Orc:1 Jorgrun


Innate Abilities, Weirdness & Mutations

You are immune to sickness and miasma.
Your stone body is resilient. (AC +11)
You are immune to poison.
Your large and strong wings let you fly.
You resist negative energy. (rN+)
You are resistant to electric shocks. (rElec)
You are resistant to unholy torment.
You are immune to petrification.


Message History

Jorgrun hits you with a +0 vorpal quarterstaff.
The grasping roots constrict you!
* * * LOW HITPOINT WARNING * * *
You feel much better. Jorgrun gestures at you while chanting.
The iron shot hits you. The grasping roots constrict you!
The orc priest begins to cast a cantrip, but forgets the words!
The orc high priest mumbles some strange prayers to Beogh.
Unknown command.
You escape the roots' grasp.
Jorgrun hits you with a +0 vorpal quarterstaff!
* * * LOW HITPOINT WARNING * * *
x2 The orc warrior barely misses you.
The orc high priest utters an invocation to Beogh.
You fly upwards.
There is a stone staircase leading down here.
Okay, then.
Blink to where?
Press: ? - help, Dir - move target
As you read the scroll of blinking, it crumbles to dust.
As you read the scroll of summoning, it crumbles to dust.
Wisps of shadow whirl around you...
You swap places.
You swap places.
Jorgrun gestures next to your orc while chanting.
Some rock shatters into small pieces.
Your orc jeers noisily.
What are your orders? t - Shout!
Orders for allies: a - Attack new target. r - Retreat! s - Stop attacking. g - Guard the area. f - Follow me.
Anything else - Cancel.
Gang up on whom?
Press: ? - help, Dir - move target, f - Jorgrun
Aim: Jorgrun, wielding a +0 vorpal quarterstaff and wearing a +0 robe (lightly wounded) Attack!
Jorgrun gestures at you while chanting.
You shatter!!!
You die...

.......)[........##
..................#######
...#.............###..#.##
#.###......#...##.#^.....#
####...........#........##
#......)....#.........# ###
##.......#[#..oo.#...##
##.## ##.#...###..ooTo...##
###...#
###...##...@oo##.#####.##.##
##.###..oOo[.###.#.......#
### ##.#.oo.##.........#.
####.#.g.#....#.##..
##..........####...
###...........#.###.#
##................#...
#.................##..
#...............).(#..


You could see Jorgrun (ally target), a friendly orc high priest (summoned), a
friendly troll (summoned), a friendly orc sorcerer (summoned), 4 friendly orc
warriors, a friendly ogre (summoned), 2 friendly orc priests and 3 friendly
orcs.

Vanquished Creatures
  A frost giant (IceCv)
  A minotaur (Gauntlet)
  Josephine (Orc:1)
  Harold (D:9)
  6 hydras
  2 boulder beetles
  8 vault guards (D:13)
  2 catoblepae
  3 centaur warriors (D:13)
  Erica (Lair:2)
  2 two-headed ogres
  12 death yaks
  Urug (Lair:3)
  Sonja (D:11)
  Nergalle (Lair:1)
  A fire crab (Gauntlet)
  A sea snake (shapeshifter) (D:10)
  An obsidian statue (Gauntlet)
  2 lindwurms
  A wizard (D:11)
  A cyclops (D:11)
  A deep elf pyromancer (D:10)
  2 ugly things
  9 elephants
  2 manticores
  5 centaur zombies
  Joseph (D:7)
  An ice statue (IceCv)
  2 black mambas
  A torpor snail (Lair:6)
  2 unseen horrors (D:11)
  5 cane toads
  A demonic crawler (Lair:2)
  5 rime drakes
  5 komodo dragons
  14 polar bears
  A queen bee (Lair:5)
  5 trolls
  3 meliai (Lair:5)
  A meliai (shapeshifter) (D:13)
  5 hornets
  Prince Ribbit (D:6)
  12 blink frogs
  A slime creature (D:10)
  3 dream sheep (Lair:6)
  A vampire (D:10)
  5 wraiths
  2 shadows
  10 wyverns
  13 spriggans (Lair:6)
  5 fire bats (Gauntlet)
  62 yaks
  2 basilisks
  Grum (Lair:1)
  2 steam dragons
  4 wargs
  Menkaure (D:5)
  4 vampire mosquitoes (D:12)
  2 acid dragons
  Edmund (D:5)
  12 water moccasins
  Duvessa (D:5)
  3 hell hounds (Gauntlet)
  A sky beast (D:8)
  17 orc warriors
  3 ice beasts
  A hornet zombie (D:6)
  6 black bears
  The ghost of nogo the Covered, an amateur HOFi (D:6)
  4 boggarts (Lair:6)
  An ogre (shapeshifter) (D:11)
  38 wolves
  3 ogres
  2 necrophages (D:6)
  6 centaurs
  A kobold brigand (D:8)
  15 bullfrogs
  5 scorpions
  A wyvern skeleton (D:7)
  Dowan (D:5)
  28 killer bees (Lair:5)
  8 wights (D:9)
  2 howler monkeys (D:11)
  An electric eel (Lair:4)
  A crimson imp (D:5)
  3 jellies
  3 centaur skeletons
  2 gnoll shamans
  11 orc priests
  Crazy Yiuf (D:5)
  2 hounds
  3 bullfrog skeletons
  6 iguanas
  Jessica (D:2)
  Ijyb (D:3)
  Terence (D:2)
  20 orc wizards
  A killer bee zombie (D:8)
  A hound zombie (D:5)
  2 hound skeletons (D:4)
  Robin (D:2)
  9 gnolls
  A howler monkey skeleton (D:7)
  10 adders
  3 river rats (Lair:5)
  13 white imps
  An ufetubus (D:5)
  6 worms
  2 dart slugs
  73 orcs
  6 bats
  8 endoplasms
  4 giant cockroaches
  12 goblins
  12 hobgoblins
  3 quokkas
  7 ball pythons
  2 frilled lizards
  12 kobolds
  4 rats
662 creatures vanquished.

Vanquished Creatures (others)
  66 fungi
  81 plants
147 creatures vanquished.

Grand Total: 809 creatures vanquished

Notes
Turn   | Place    | Note
-------+----------+-------------------------------------------
     0 | D:1      | Kaptain the Gargoyle Earth Elementalist began the quest for
                  | the Orb.
     0 | D:1      | Reached XP level 1. HP: 10/10 MP: 3/3
    82 | D:1      | Found a faded altar of an unknown god.
   699 | D:1      | Reached XP level 2. HP: 15/15 MP: 5/5
  1329 | D:2      | Noticed Jessica
  1332 | D:2      | Killed Jessica
  1333 | D:2      | Reached skill level 1 in Fighting
  1333 | D:2      | Reached skill level 4 in Earth Magic
  1333 | D:2      | Reached XP level 3. HP: 20/20 MP: 4/6
  1344 | D:2      | Learned a level 3 spell: Stone Arrow
  1430 | D:2      | Noticed Terence
  1433 | D:2      | Reached XP level 4. HP: 25/25 MP: 4/7
  1958 | D:2      | Reached skill level 1 in Armour
  3009 | D:2      | Noticed Robin
  3196 | D:3      | Reached skill level 1 in Conjurations
  3272 | D:3      | Reached XP level 5. HP: 29/29 MP: 5/9
  3542 | D:3      | Noticed Ijyb
  3859 | D:3      | Killed Ijyb
  4077 | D:3      | Reached XP level 6. HP: 7/35 MP: 5/10
  4080 | D:3      | Reached skill level 5 in Earth Magic
  4342 | D:3      | Found a hazy altar of Hepliaklqana.
  4342 | D:3      | Found a faded altar of an unknown god.
  4350 | D:3      | Found a faded altar of an unknown god.
  4352 | D:3      | Found a white marble altar of Elyvilon.
  4354 | D:3      | Found an iron altar of Okawaru.
  5194 | D:4      | Reached XP level 7. HP: 40/40 MP: 5/12
  5389 | D:4      | Found a sacrificial altar of Ru.
  5764 | D:4      | Found a sparkling altar of Nemelex Xobeh.
  5797 | D:4      | Found a glowing golden altar of the Shining One.
  6313 | D:5      | Entered Level 5 of the Dungeon
  6457 | D:2      | Killed Terence
  6458 | D:2      | Killed Robin
  6576 | D:2      | Reached XP level 8. HP: 45/45 MP: 9/14
  6752 | D:5      | Reached skill level 6 in Earth Magic
  6970 | D:5      | Noticed Duvessa
  6971 | D:5      | Noticed Dowan
  6994 | D:5      | Killed Duvessa
  6997 | D:5      | Killed Dowan
  7272 | D:5      | Found a staircase to the Ecumenical Temple.
  7370 | D:5      | Noticed Edmund
  7436 | D:5      | Killed Edmund
  7886 | D:5      | Noticed Menkaure
  7891 | D:5      | Killed Menkaure
  7999 | D:5      | Found a runed translucent door.
  8000 | D:5      | Noticed Crazy Yiuf
  8004 | D:5      | Killed Crazy Yiuf
  8053 | D:5      | Found a shimmering altar of Xom.
  8053 | D:5      | Found a burning altar of Makhleb.
  8488 | Temple   | Entered the Ecumenical Temple
  8560 | D:6      | Noticed nogo's ghost (amateur HOFi)
  8571 | D:6      | Found a runed translucent door.
  8587 | D:6      | Killed nogo's ghost
  8588 | D:6      | Reached skill level 7 in Earth Magic
  8588 | D:6      | Reached XP level 9. HP: 33/51 MP: 3/16
  8709 | D:6      | Reached skill level 5 in Conjurations
  8762 | D:6      | Reached skill level 5 in Spellcasting
  8765 | D:6      | Reached skill level 5 in Stealth
  9201 | D:6      | Noticed Prince Ribbit
  9272 | D:6      | Killed Prince Ribbit
  9389 | D:6      | Reached skill level 8 in Earth Magic
  9894 | D:7      | Noticed Joseph
  9908 | D:7      | Killed Joseph
  9911 | D:7      | Reached XP level 10. HP: 35/58 MP: 5/18
 10043 | D:7      | Reached skill level 1 in Shields
 10163 | D:7      | Found Veusmera's General Store.
 10672 | D:7      | Noticed a six-headed hydra
 10678 | D:7      | Killed a six-headed hydra
 10679 | D:7      | Reached skill level 5 in Fighting
 10916 | D:7      | Found a blossoming altar of Fedhas.
 11015 | D:7      | You fall into a shaft and drop 3 floors!
 11015 | D:10     | Entered Level 10 of the Dungeon
 11018 | D:10     | Noticed a deep elf pyromancer
 11025 | D:10     | Killed a deep elf pyromancer
 11026 | D:10     | Reached skill level 5 in Armour
 11032 | D:10     | Reached skill level 9 in Earth Magic
 11258 | D:10     | Noticed a cyan ugly thing
 11266 | D:10     | Found Famuh's Armour Boutique.
 11398 | D:10     | Killed a cyan ugly thing
 11630 | D:10     | Noticed a guardian serpent
 11702 | D:10     | Found a shimmering blue altar of Sif Muna.
 11714 | D:10     | Found a glowing silver altar of Zin.
 11715 | D:10     | Found an opulent altar of Gozag.
 11787 | D:9      | Found a staircase to the Lair.
 12030 | D:8      | Reached XP level 11. HP: 64/64 MP: 14/21
 12118 | D:8      | Found a radiant altar of Vehumet.
 12881 | D:8      | Found an ornate altar of the Wu Jian Council.
 13953 | D:9      | Found Erphouci's Magic Scroll Boutique.
 13958 | D:9      | Bought a scroll of magic mapping for 49 gold pieces
 14423 | D:9      | Noticed Harold
 14433 | D:9      | Killed Harold
 14434 | D:9      | Reached skill level 10 in Earth Magic
 15408 | D:10     | Noticed a wolf spider
 15633 | D:10     | Reached skill level 5 in Dodging
 16044 | D:10     | Found a shadowy altar of Dithmenos.
 16237 | D:10     | Noticed a sea snake
 16244 | D:10     | Killed a sea snake
 16578 | D:10     | Learned a level 4 spell: Sticky Flame
 16707 | D:10     | Found Cheibriados's Comfort Zone.
 16709 | D:10     | Found a snail-covered altar of Cheibriados.
 17071 | Lair:1   | Entered Level 1 of the Lair of Beasts
 17077 | Lair:1   | Reached XP level 12. HP: 58/71 MP: 10/23
 17241 | Lair:1   | Learned a level 3 spell: Mephitic Cloud
 18060 | Lair:1   | Noticed Grum
 18099 | Lair:1   | Killed Grum
 18298 | Lair:1   | Reached skill level 11 in Earth Magic
 18779 | Lair:1   | Noticed Nergalle
 18786 | Lair:1   | Killed Nergalle
 19038 | Lair:2   | Noticed Erica
 19042 | Lair:2   | Killed Erica
 19043 | Lair:2   | Reached skill level 5 in Shields
 19167 | Lair:2   | Identified the +10 short sword of Armageddon {drain, rPois
                  | rF+ rC+ Will+}
 19169 | Lair:2   | Found a staircase to the Swamp.
 19647 | Lair:2   | Found a hole to the Spider Nest.
 19820 | Lair:3   | Found a frozen archway.
 19834 | Lair:3   | Noticed a four-headed hydra
 19839 | IceCv    | Entered an ice cave
 20448 | IceCv    | Reached skill level 10 in Conjurations
 20865 | IceCv    | Noticed a death yak
 20866 | IceCv    | Noticed a death yak
 20878 | IceCv    | Killed a death yak
 20879 | IceCv    | Reached XP level 13. HP: 40/76 MP: 9/26
 21601 | IceCv    | Reached skill level 12 in Earth Magic
 21836 | IceCv    | Noticed a frost giant
 22084 | IceCv    | Killed a frost giant
 22645 | Lair:3   | Noticed Urug
 22850 | Lair:3   | Killed Urug
 24305 | Lair:4   | Found a gate leading to a gauntlet.
 24317 | Gauntlet | Entered a Gauntlet
 24317 | Gauntlet | Found a transporter.
 24326 | Gauntlet | Found a transporter.
 24327 | Gauntlet | Found a transporter.
 24328 | Gauntlet | Found a transporter.
 24331 | Gauntlet | Found a transporter.
 24332 | Gauntlet | Found a transporter.
 24339 | Gauntlet | Found a runed translucent door.
 24341 | Gauntlet | Found a transporter.
 24349 | Gauntlet | Found a transporter.
 24360 | Gauntlet | Noticed a dire elephant
 24361 | Gauntlet | Found a transporter.
 24378 | Gauntlet | Found a transporter.
 24382 | Gauntlet | Found a transporter.
 24391 | Gauntlet | Found a transporter.
 24429 | Gauntlet | Noticed a reaper
 24481 | Gauntlet | Learned a level 2 spell: Passwall
 24585 | Gauntlet | Identified the +2 helmet of Moral Flaws {+Inv}
 24708 | Gauntlet | Identified the ring of Nidaifaz {rN+ rCorr Dex+3}
 25001 | Gauntlet | Noticed a minotaur
 25011 | Gauntlet | Killed a minotaur
 25195 | Gauntlet | Identified the ring of Iximissigagg {Fly Str+5}
 25196 | Gauntlet | Got Ybena's Grimoire of Harmful Cold
 25737 | Lair:4   | Gained mutation: Your large and strong wings let you fly.
                  | [Gargoyle growth]
 25737 | Lair:4   | Reached XP level 14. HP: 84/84 MP: 21/27
 26107 | Lair:4   | Reached skill level 10 in Spellcasting
 26533 | Lair:4   | Reached skill level 13 in Earth Magic
 28174 | Lair:5   | Identified the +10 long sword "Uhig Wal" {vorpal, Int+2
                  | Stlth+}
 28855 | Lair:6   | Entered Level 6 of the Lair of Beasts
 29963 | Lair:6   | Found a staircase to the Slime Pits.
 29963 | Lair:6   | Found a viscous altar of Jiyva.
 31282 | Lair:5   | Reached skill level 10 in Stealth
 31806 | Lair:6   | Reached XP level 15. HP: 81/89 MP: 20/29
 32492 | Lair:5   | Reached skill level 14 in Earth Magic
 33210 | Lair:6   | Identified the +1 robe "Uphin" {rPois rF+ rN+}
 33273 | Lair:6   | Identified the +2 leather armour of Entitlement {rC- rCorr
                  | MP+9}
 33824 | D:11     | Found a staircase to the Orcish Mines.
 34146 | D:11     | Noticed Sonja
 34153 | D:11     | Killed Sonja
 35978 | D:13     | Identified the +0 shadow dragon scales "Ejarussa" {Str+3
                  | Stlth++++}
 36217 | D:13     | Found a gate to the Vaults.
 36625 | Orc:1    | Entered Level 1 of the Orcish Mines
 36625 | Orc:1    | Found Sustorph's General Store.
 36750 | Orc:1    | Noticed Josephine
 37129 | Orc:1    | Killed Josephine
 38103 | Orc:2    | Entered Level 2 of the Orcish Mines
 38139 | Orc:2    | Found a staircase to the Elven Halls.
 38158 | Orc:2    | Noticed Jorgrun
 38232 | Orc:1    | Killed from afar by Jorgrun

Illustrated notes

Levels and vault maps discovered:
D:1:      matt_arrival_refuge, layout_basic, basic_ecumenical_altar
D:2:      layout_basic, uniq_robin, uniq_terence, uniq_jessica
D:3:      layout_loops_ring, chequers_temple_overflow_minitemple,
          minmay_misc_feat_five, uniq_ijyb
D:4:      layout_basic, nemelex_dance_club_becter,
          mainiacjoe_overflow_tiny_flanked, mainiacjoe_overflow_paths,
          minmay_quantized
D:5:      layout_basic, grunt_temple_overflow_champion_of_chaos,
          minmay_temple_entry_gardened_gates, nicolae_elevator_lobby_plus,
          uniq_menkaure, uniq_crazy_yiuf_cottage, uniq_duvessa, uniq_edmund
D:6:      layout_gridville, hellmonk_ghost_happy_afterlife, uniq_prince_ribbit1
D:7:      layout_rooms, mainiacjoe_overflow_alcove_4, serial_shops,
          nicolae_square_shop, uniq_joseph
D:8:      layout_loops_corners, nzn_wu_jian_council_hall, vehumet_altar_wand_db,
          special_room [special_room_orc], item_on_display_a
D:9:      layout_basic, erik_lair_orcish_takeover, serial_shops,
          nicolae_shop_hallway_plus, minmay_misc_feat_roman,
          lemuel_flame_loot_1, uniq_harold
D:10:     layout_loops_ring, grunt_temple_overflow_gold_and_silver,
          nicolae_sif_muna_condensation, grunt_dithmenos_shadows, serial_shops,
          shop, minmay_shop_chei, kb_lookout_dungeons_type, minmay_bent
D:11:     layout_irregular_city, david_orc_2, uniq_sonja
D:12:     layout_gridville
D:13:     layout_big_octagon, erik_vaults_2
Temple:   corrupted_temple
Lair:1:   layout_regular_city, st_stairs_9, lemuel_fruit_tree, uniq_grum,
          uniq_nergalle
Lair:2:   layout_hall_layers, swamp_mist_pool, nicolae_spider_entry_non_spiders,
          chequers_serial_rivers_room_a, uniq_erica
Lair:3:   layout_small_grid, portal_ice_cave_entry_imps, serial_bayou_shore_b,
          lemuel_fruit_fields, uniq_urug
Lair:4:   layout_regular_city, gauntlet_entry_generic,
          nicolae_quartered_pool_medium, infiniplex_staircase_pool
Lair:5:   regret_index_wax_grids, layout_cave_shapes, serial_bayou_shore_a
Lair:6:   minmay_lair_end_enchanted_forest, layout_loops_ring, slime_altar_1,
          minmay_stone_trees_medium
Orc:1:    layout_caves, serial_shops, shop, uniq_josephine
Orc:2:    pf_orc_diabolical, layout_caves, nicolae_volcano_entry_hallway,
          serial_shops, shop, basic_altar, uniq_jorgrun

Skill      XL: |  1  2  3  4  5  6  7  8  9 10 11 12 13 14 15 |
---------------+----------------------------------------------+-----
Fighting       | 1 2 3 4 5 6 7 8 9 |  9.4
Earth Magic    | 4 5 7 8 9 10 11 12 13 14 | 14.6
Armour         | 1 2 3 4 5 6 7 8 9 |  9.4
Dodging        | 2 3 4 5 6 7 |  7.4
Conjurations   | 1 2 3 4 6 7 8 10 11 12 13 | 13.0
Stealth        | 3 4 5 6 7 8 9 10 | 10.5
Spellcasting   | 3 4 5 6 7 9 10 11 | 11.4
Shields        | 2 4 5 6 7 8 |  8.3
Transmutations | |  0.7

Action                   |  1- 3 |  4- 6 |  7- 9 | 10-12 | 13-15 || total
-------------------------+-------+-------+-------+-------+-------++-------
Melee: Dagger            |    11 |       |       |       |       ||    11
       Short sword       |     7 |   103 |       |    55 |   211 ||   376
       Punch             |       |     5 |     4 |       |       ||     9
       Long sword        |       |    47 |    41 |       |       ||    88
       Flail             |       |       |    54 |   100 |       ||   154
 Cast: Sandblast         |    14 |    72 |    48 |   160 |   186 ||   480
       Stone Arrow       |       |    10 |    73 |   288 |   638 ||  1009
       Mephitic Cloud    |       |       |       |       |     3 ||     3
Evoke: Wand              |       |       |       |       |     3 ||     3
       Condenser vane    |       |       |       |       |     1 ||     1
  Use: Scroll            |       |     4 |     8 |    12 |     7 ||    31
       Potion            |       |     2 |     4 |     1 |    10 ||    17
 Stab: Sleeping          |     1 |     5 |     1 |     1 |       ||     8
       Distracted        |       |       |     2 |       |       ||     2
       Confused          |       |       |       |       |     4 ||     4
Armor: Leather armour    |     5 |    88 |    94 |   146 |       ||   333
       Ice dragon scales |       |       |       |    65 |   544 ||   609
Dodge: Dodged            |    15 |   116 |    96 |   177 |   368 ||   772
Block: Buckler           |       |       |       |    62 |   225 ||   287
